Map: Lightshade LE

Players

Flynnz - Winner!

  • Race: Zerg Zerg
  • League: Diamond

Huny

  • Race: Protoss Protoss
  • League: Diamond

VOD

Have the link to the VOD?

Description

Time

  • Played on: April 24, 2021, 5:26 p.m.
  • Length: 13:14
Show
View Real Time Build Order
Export as new Build Order

Flynnz Zerg - Winner!

Build Orders: Pool First 

Get SALT Encoding   

  12  0:00  Drone  
  13  0:08  Drone  
  14  0:15  Drone, Extractor  
  15  0:21  Overlord  
  15  0:39  Spawning Pool  
  15  0:40  Drone  
  15  0:44  Drone  
  15  0:48  Drone  
  17  0:54  Drone  
  18  1:08  Drone  
  19  1:39  Drone x3  
  22  1:42  Hatchery  
  21  2:01  Roach Warren, Queen  
  21  2:05  Overlord  
  22  2:27  Hatchery  
  21  2:30  Zergling x2  
  22  2:37  Overlord x2  
  22  2:49  Extractor  
  21  2:57  Queen  
  21  2:58  Queen  
  25  2:59  Drone x3  
  28  3:08  Zergling x2  
  28  3:09  Zergling x2  
  30  3:18  Extractor  
  29  3:22  Zergling x8  
  33  3:31  Drone x2  
  35  3:44  Drone x3  
  38  4:06  Drone  
  38  4:07  Drone x7  
  46  4:11  Drone x3  
  46  4:13  Drone  
  50  4:27  Overlord x2  
  50  4:32  Spore Crawler  
  50  4:33  Evolution Chamber  
  50  4:36  Lair, Evolution Chamber  
  47  4:42  Drone x3  
  50  4:46  Drone x2  
  52  4:56  Queen  
  52  4:57  Queen  
  56  5:09  Spore Crawler  
  56  5:11  Spore Crawler  
  47  5:32  Queen  
  47  5:33  Spore Crawler  
  50  5:42  Drone x2  
  50  5:43  Drone x8  
  50  5:46  Overlord x3  
  58  5:52  Spire  
  58  5:54  Hydralisk Den  
  58  5:55  Zerg Missile Weapons Level 1  
  56  5:57  Zerg Ground Armor Level 1  
  56  5:59  Drone  
  56  6:00  Drone  
  58  6:14  Roach x3, Zergling x8  
  66  6:23  Roach x2, Zergling x4  
  72  6:31  Extractor, Zergling x2  
  72  6:32  Roach x2, Zergling x2  
  77  6:36  Extractor  
  75  7:03  Overlord x4  
  75  7:04  Hatchery  
  74  7:15  Hatchery  
  73  7:28  Overseer  
  73  7:29  Overseer  
  73  7:30  Overseer  
  73  7:33  Metabolic Boost, Grooved Spines  
  73  7:35  Drone  
  73  7:36  Drone x2  
  76  7:54  Infestation Pit  
  75  8:05  Hydralisk  
  75  8:06  Roach x2, Hydralisk x2  
  85  8:15  Corruptor x3  
  91  8:41  Drone x16  
  107  8:48  Roach  
  108  8:58  Hydralisk x2  
  108  8:59  Roach x2  
  110  9:07  Hydralisk x3  
  110  9:08  Roach, Zergling x4  
  114  9:17  Roach, Hydralisk, Zergling x4  
  114  9:21  Overlord x4  
  120  9:40  Drone x4, Extractor x2  
  120  9:41  Hydralisk, Overlord x3  
  120  9:42  Roach x2, Hydralisk  
  130  10:04  Drone x3  
  130  10:05  Drone x3  
  136  10:07  Corruptor  
  136  10:08  Corruptor  
  136  10:10  Hive  
  136  10:11  Zerg Missile Weapons Level 2  
  140  10:14  Zerg Ground Armor Level 2  
  140  10:30  Hydralisk x4  
  148  10:39  Drone x3, Extractor x2  
  148  10:40  Drone x3  
  148  10:42  Hydralisk x4  
  158  10:47  Overseer  
  158  10:48  Overseer  
  154  11:13  Hydralisk x6  
  154  11:14  Hydralisk x3  
  172  11:23  Greater Spire  
  172  11:30  Overlord x3  
  172  11:31  Overlord  
  164  11:49  Hydralisk  
  164  11:50  Roach x3, Hydralisk x5  
  164  11:51  Roach x7  
  190  11:58  Hydralisk x2  
  190  11:59  Roach x2, Zergling x10  
  179  12:09  Hydralisk  
  179  12:10  Hydralisk x3  
  187  12:26  Roach, Hydralisk x3  
  187  12:27  Roach x2  
Show
View Real Time Build Order
Export as new Build Order

Huny Protoss 

Build Orders:  

Get SALT Encoding   

  12  0:00  Probe  
  13  0:12  Probe  
  14  0:20  Pylon  
  14  0:25  Probe  
  15  0:39  Probe (Chrono Boost)  
  16  0:47  Gateway  
  16  0:48  Probe (Chrono Boost)  
  17  0:50  Assimilator  
  17  1:07  Forge  
  17  1:10  Pylon  
  17  1:43  Photon Cannon  
  17  1:54  Nexus  
  17  2:08  Cybernetics Core  
  17  2:15  Probe (Chrono Boost)  
  18  2:22  Zealot (Chrono Boost)  
  18  2:27  Probe (Chrono Boost)  
  21  2:38  Probe (Chrono Boost), Pylon  
  22  2:51  Pylon  
  22  2:56  Sentry  
  24  3:00  Photon Cannon  
  24  3:12  Photon Cannon  
  24  3:19  Probe (Chrono Boost)  
  25  3:20  Warp Gate  
  25  3:25  Stargate  
  25  3:31  Probe (Chrono Boost)  
  26  3:35  Assimilator  
  26  3:37  Stalker  
  26  3:38  Probe (Chrono Boost)  
  29  3:44  Probe (Chrono Boost)  
  31  3:50  Probe (Chrono Boost)  
  31  3:55  Probe (Chrono Boost)  
  32  3:59  Probe (Chrono Boost)  
  32  4:05  Void Ray (Chrono Boost)  
  32  4:09  Probe (Chrono Boost)  
  37  4:18  Assimilator  
  37  4:21  Probe (Chrono Boost)  
  37  4:23  Stalker  
  40  4:28  Probe (Chrono Boost)  
  41  4:36  Probe  
  42  4:40  Pylon  
  42  4:48  Probe  
  42  4:49  Assimilator  
  42  4:50  Probe  
  44  4:59  Void Ray  
  44  5:00  Probe  
  44  5:02  Protoss Ground Weapons Level 1  
  44  5:03  Probe  
  50  5:11  Stalker  
  50  5:12  Probe  
  53  5:24  Probe  
  53  5:25  Gateway  
  53  5:26  Gateway  
  53  5:28  Robotics Facility  
  54  5:29  Pylon  
  54  5:44  Pylon  
  54  5:47  Probe  
  55  5:50  Shield Battery  
  55  5:57  Twilight Council  
  55  6:01  Probe x2 (Chrono Boost)  
  55  6:02  Gateway  
  57  6:11  Probe (Chrono Boost)  
  59  6:13  Probe (Chrono Boost)  
  59  6:16  Probe (Chrono Boost)  
  56  6:38  Charge (Chrono Boost)  
  52  6:42  Stalker  
  52  6:45  Zealot x2  
  56  6:51  Fleet Beacon  
  56  6:52  Immortal  
  60  7:05  Photon Cannon  
  60  7:07  Shield Battery  
  60  7:23  Sentry x2  
  60  7:24  Sentry  
  60  7:25  Sentry  
  60  7:26  Protoss Ground Armor Level 1  
  60  7:28  Nexus  
  68  7:30  Phoenix  
  68  7:31  Pylon  
  70  7:39  Pylon  
  70  7:44  Pylon  
  70  7:49  Probe  
  70  7:50  Observer  
  72  7:56  Pylon  
  72  8:02  Carrier  
  78  8:06  Stalker, Zealot x3  
  86  8:28  Shield Battery  
  86  8:30  Photon Cannon  
  84  8:34  Stalker x2, Photon Cannon  
  84  8:35  Blink (Chrono Boost)  
  84  8:37  Photon Cannon  
  88  8:44  Photon Cannon  
  75  9:18  Stalker x3  
  75  9:19  Zealot  
  75  9:22  Probe (Chrono Boost)  
  84  9:26  Carrier  
  92  9:32  Probe (Chrono Boost)  
  92  9:36  Probe (Chrono Boost)  
  92  9:37  Probe (Chrono Boost)  
  93  9:42  Probe (Chrono Boost)  
  93  9:44  Templar Archives  
  93  9:45  Probe (Chrono Boost)  
  96  9:47  Probe (Chrono Boost)  
  96  9:51  Probe (Chrono Boost)  
  98  9:55  Probe x2 (Chrono Boost), Assimilator  
  98  9:59  Probe (Chrono Boost), Assimilator  
  100  10:00  Photon Cannon  
  100  10:01  Probe (Chrono Boost)  
  100  10:03  Probe (Chrono Boost), Sentry  
  100  10:04  Probe (Chrono Boost), Sentry  
  100  10:05  Protoss Ground Weapons Level 2 (Chrono Boost)  
  107  10:08  Probe  
  108  10:15  Forge  
  108  10:21  Psionic Storm  
  108  10:27  Probe  
  109  10:30  Carrier  
  115  10:39  Probe  
  116  10:43  Observer  
  117  10:50  Nexus  
  117  10:54  Photon Cannon  
  117  10:59  Pylon  
  117  11:00  Pylon  
  117  11:10  Probe, Observer  
  113  11:25  High Templar x4  
  105  11:35  Gateway  
  105  11:37  Gateway  
  105  11:40  Gateway  
  105  11:43  Gateway x2  
  105  11:58  Zealot  
  105  12:00  Zealot  
  105  12:01  Zealot x2  
Tags
 
Add a new tag
Caveats
  • Supply blocks, unpowered buildings, or Contaminate may cause inaccurate times.
  • Supply counts are checked every 10 seconds.